 Dungeon Crawl Stone Soup version 0.21.0-3-g78d12a8 (webtiles) character file.

212 raph the Grave Robber (level 5, -1/44 HPs)
             Began as a Deep Dwarf Necromancer on Jan 14, 2018.
             Slain by a worm (8 damage)
             ... on level 2 of the Dungeon.
             The game lasted 00:09:39 (4272 turns).

raph the Grave Robber (Deep Dwarf Necromancer)      Turns: 4272, Time: 00:09:39

Health: -1/44      AC:  3    Str: 12    XL:     5   Next: 58%
Magic:  0/8        EV: 13    Int: 16    God:
Gold:   96         SH:  0    Dex: 13    Spells: 4/9 levels left

rFire    . . .     SeeInvis .   e - +0 dagger
rCold    . . .     Gourm    .   (no shield)
rNeg     . . .     Faith    .   a - +0 robe
rPois    +         Spirit   .   (no helmet)
rElec    .         Reflect  .   p - +0 cloak
rCorr    .         Harm     .   (no gloves)
MR       .....                  (no boots)
Stlth    ++........             (no amulet)
HPRegen  0.00/turn              n - ring of poison resistance
MPRegen  0.11/turn              (no ring)

@: very slightly contaminated, non-regenerating
A: damage resistance, heal wounds, sense surroundings 1, no regeneration
a: Heal Wounds


You were on level 2 of the Dungeon.
You were hungry.

You visited 1 branch of the dungeon, and saw 3 of its levels.

You collected 96 gold pieces.

Inventory:

Hand Weapons
 e - a +0 dagger (weapon)
 l - a +0 spear
Missiles
 f - 70 stones (quivered)
Armour
 a - a +0 robe (worn)
 h - a +0 cloak
 p - a +0 cloak (worn)
Jewellery
 n - a ring of poison resistance (left hand)
Scrolls
 d - 4 scrolls of identify
Potions
 g - a potion of haste
 i - a potion of cancellation
 o - a potion of invisibility
Books
 b - a book of Necromancy

   Spells                             Type                      Level
   a - Pain                           Necromancy                   1
   b - Animate Skeleton               Necromancy                   1
   c - Vampiric Draining              Necromancy                   3
   d - Regeneration                   Charms/Necromancy            3
   e - Animate Dead                   Necromancy                   4
   f - Borgnjor's Vile Clutch         Necromancy/Earth             5
Comestibles
 c - 2 rations


   Skills:
 + Level 1.6 Fighting
 + Level 3.2 Dodging
 + Level 3.8 Stealth
 + Level 2.5 Spellcasting
 * Level 5.7 Necromancy


You had 4 spell levels left.
You knew the following spells:

 Your Spells              Type           Power        Failure   Level  Hunger
a - Pain                  Necr           ###.         1%          1    #......
b - Animate Skeleton      Necr           N/A          1%          1    #......
c - Vampiric Draining     Necr           ###.......   5%          3    ###....


Dungeon Overview and Level Annotations

Branches:
Dungeon (3/15)

Altars:
Gozag
Okawaru
Qazlal
Ru
The Shining One


Innate Abilities, Weirdness & Mutations

You are resistant to damage.
You can heal yourself by infusing magical energy.
You passively map a small area around you.
You do not regenerate.


Message History

The worm is severely wounded.
Something hits you.
* * * LOW HITPOINT WARNING * * *
The worm bites you.
You hit the worm but do no damage.
The worm is severely wounded.
Something hits you but does no damage. Something hits you.
* * * LOW HITPOINT WARNING * * *
It was a potion of curing.
You feel better. Something hits you.
* * * LOW HITPOINT WARNING * * *
The worm bites you.
* * * LOW HITPOINT WARNING * * *
You hit the worm.
The worm is severely wounded.
Something hits you. x2
You fail to use your ability.
The worm barely misses you.
You hit the worm.
The worm is severely wounded.
Something hits you. The worm bites you!
You die...

.# #.# P♣ #.# .♣
#.# ♣♣ #.### .♣
#...# ♣♣ #...# ♣
#...# ♣
#...###############
#
#...........{@w...#
#
#..##############.#
# #..# #######.# #
#..# #.......# #
#### #.####### #.#
#.# #.# #.#####


You could see a worm.

Vanquished Creatures
  A hound (D:2)
  Crazy Yiuf (D:2)
  An orc wizard (D:3)
  3 adders (D:2)
  4 gnolls (D:2)
  3 dart slugs
  3 leopard geckos
  2 orcs (D:3)
  A ball python (D:1)
  4 bats
  2 giant cockroaches
  3 goblins
  5 hobgoblins
  6 jackals
  2 quokkas
  2 frilled lizards
  5 kobolds
  2 rats
  A fungus (D:2)
51 creatures vanquished.

Vanquished Creatures (collateral kills)
  An ooze (D:1)
  An orc (D:3)
  A jackal (D:3)
3 creatures vanquished.

Grand Total: 54 creatures vanquished

Notes
Turn   | Place    | Note
-------+----------+-------------------------------------------
     0 | D:1      | raph the Deep Dwarf Necromancer began the quest for the Orb.
     0 | D:1      | Reached XP level 1. HP: 15/15 MP: 3/3
    33 | D:1      | Learned a level 1 spell: Animate Skeleton
   435 | D:1      | Reached XP level 2. HP: 22/22 MP: 2/4
  1301 | D:1      | Reached XP level 3. HP: 21/30 MP: 4/6
  1325 | D:1      | Learned a level 3 spell: Vampiric Draining
  1737 | D:2      | Found a sacrificial altar of Ru.
  1738 | D:2      | Found an opulent altar of Gozag.
  1919 | D:2      | Reached skill level 1 in Fighting
  1953 | D:2      | Reached skill level 5 in Necromancy
  2184 | D:2      | Found an iron altar of Okawaru.
  2238 | D:2      | Reached XP level 4. HP: 33/38 MP: 4/7
  2617 | D:2      | Found a stormy altar of Qazlal.
  2618 | D:2      | Found a glowing golden altar of the Shining One.
  3397 | D:2      | Found a runed door.
  3401 | D:2      | Noticed Crazy Yiuf
  3407 | D:2      | Killed Crazy Yiuf
  3407 | D:2      | Reached XP level 5. HP: 2/44 MP: 0/8
  4272 | D:2      | Slain by a worm

Skill      XL: |  1  2  3  4 |
---------------+-------------+-----
Spellcasting   | 2 |  2.5
Stealth        | 3 |  3.8
Fighting       | 1 |  1.6
Necromancy     | 5 |  5.7
Dodging        | 3 |  3.2

Action                   |  1- 3 |  4- 6 || total
-------------------------+-------+-------++-------
Melee: Dagger            |    33 |     9 ||    42
       Spear             |       |    29 ||    29
Throw: Stone             |       |     1 ||     1
 Cast: Pain              |    44 |    26 ||    70
       Animate Skeleton  |    10 |    11 ||    21
       Vampiric Draining |     8 |    19 ||    27
 Abil: Heal Wounds       |       |     1 ||     1
  Use: Scroll            |       |     6 ||     6
       Potion            |       |     1 ||     1
  Eat: Chunk             |     3 |     5 ||     8
       Ration            |     1 |     1 ||     2
Armor: Robe              |    13 |     4 ||    17
Dodge: Dodged            |    40 |    24 ||    64
